[Event "Turkish Women-ch Arzum 2022"]
[Site "Ayvalik"]
[Date "2022.03.10"]
[Round "8.29"]
[White "Gonultas, Bakriya Anastasiya"]
[Black "Topal, Berfin"]
[Result "1/2-1/2"]
[ECO "B01"]
[WhiteElo "1232"]
[BlackElo "1322"]
[Annotator "NA RC"]
[PlyCount "122"]
[EventDate "2022.03.04"]
[EventType "swiss"]
[EventCountry "TUR"]
[SourceTitle "playchess.com"]
[Source "ChessBase"]
[SourceQuality "1"]
[TimeControl "5400+30"]

1. e4 d5 2. exd5 Qxd5 3. Nc3 Qd8 4. Nf3 Nf6 5. Bc4 Bf5 6. O-O e6 7. d4 c6 8. Re1 Bb4 9. a3 Bxc3 10. bxc3 Nbd7 11. a4 O-O 12. h3 Nb6 13. Bd3 Bxd3 14. cxd3 Qc7 15. c4 Rad8 16. Bb2 Rfe8 17. Re5 h6 18. Nh2 Nfd7 19. Re3 c5 20. Rg3 cxd4 21. Qg4 g6 22. Bxd4 e5 23. Be3 Kg7 24. h4 Nf6 25. Qf3 Qc6 26. Qe2 e4 27. d4 Qxc4 28. Qd2 Rh8 29. Ng4 Nxg4 30. Rxg4 Nd5 31. Rxe4 Nxe3 32. fxe3 Rhe8 33. Rf4 Re7 34. Qb2 Qd5 35. Raf1 Rdd7 36. Qc3 Rc7 37. Qd3 Qa2 38. d5 Re5 39. d6 Rd7 40. Qc3 Qe6 41. Rf6 Qe8 42. Qd4 b6 43. Rxf7+ Rxf7 44. Rxf7+ Kxf7 45. d7 Qd8 46. Qxe5 Qxd7 47. Qf4+ Kg7 48. a5 bxa5 49. Qe5+ Kf7 50. Qxa5 Qe7 51. Qa2+ Kg7 52. Qb2+ Kh7 53. Qd4 a5 54. g3 Qc7 55. Kh2 Qc2+ 56. Kh3 Qf5+ 57. Kh2 Qf2+ 58. Kh3 Qf5+ 59. Kh2 Qf2+ 60. Kh3 Qf5+ 61. Kh2 Qf2+ 1/2-1/2

[Event "Turkish Women-ch Arzum 2022"]
[Site "Ayvalik"]
[Date "2022.03.10"]
[Round "8.31"]
[White "Bodur, Ilke Lal"]
[Black "Olmez, Sude"]
[Result "0-1"]
[ECO "B22"]
[WhiteElo "1151"]
[BlackElo "1170"]
[Annotator "NA RC"]
[PlyCount "126"]
[EventDate "2022.03.04"]
[EventType "swiss"]
[EventCountry "TUR"]
[SourceTitle "playchess.com"]
[Source "ChessBase"]
[SourceQuality "1"]
[TimeControl "5400+30"]

1. e4 c5 2. c3 e6 3. d4 d5 4. exd5 Qxd5 5. Nf3 Nc6 6. Be3 cxd4 7. Nxd4 a6 8. Nxc6 Qxd1+ 9. Kxd1 bxc6 10. Nd2 Nf6 11. Be2 Be7 12. Bf3 Bd7 13. Re1 O-O 14. Ke2 Rab8 15. b3 Nd5 16. Bxd5 cxd5 17. Kf1 Rfc8 18. Rec1 Rb7 19. c4 Bf6 20. Rab1 Rbc7 21. Rd1 Bc6 22. cxd5 Bxd5 23. Nf3 h6 24. Rbc1 Rc2 25. Rxc2 Rxc2 26. Rd2 Rc8 27. Bd4 Be7 28. Ne1 Be4 29. f3 Bg6 30. Be5 Bb4 31. Rd1 f6 32. Bd6 Rd8 33. Bxb4 Rxd1 34. Ke2 Rd7 35. f4 Bb1 36. a3 Kf7 37. g3 Ba2 38. Nd3 Bxb3 39. Nc5 Bc4+ 40. Ke3 Rd1 41. h3 Rh1 42. h4 h5 43. Nb7 Bd5 44. Nd6+ Kg6 45. f5+ exf5 46. Kf4 Rf1+ 47. Ke3 Rf3+ 48. Kd4 Be4 49. Nxe4 fxe4 50. Kxe4 Rxg3 51. Be1 Rxa3 52. Kf4 a5 53. Bxa5 Rxa5 54. Kg3 Ra4 55. Kh3 Kf5 56. Kg3 g5 57. hxg5 Kxg5 58. Kh3 Ra3+ 59. Kg2 Kf4 60. Kh2 Kg4 61. Kg2 Ra2+ 62. Kh1 Kg3 63. Kg1 Ra1# 0-1

[Event "Turkish Women-ch Arzum 2022"]
[Site "Ayvalik"]
[Date "2022.03.10"]
[Round "8.32"]
[White "Yazici, Zumral"]
[Black "Guleryuz, Zeynep"]
[Result "1-0"]
[ECO "B30"]
[WhiteElo "1229"]
[BlackElo "1186"]
[Annotator "NA RC"]
[PlyCount "131"]
[EventDate "2022.03.04"]
[EventType "swiss"]
[EventCountry "TUR"]
[SourceTitle "playchess.com"]
[Source "ChessBase"]
[SourceQuality "1"]
[TimeControl "5400+30"]

1. e4 c5 2. Nf3 Nc6 3. Bb5 a6 4. Bxc6 dxc6 5. O-O Bg4 6. h3 Bxf3 7. Qxf3 e5 8. d3 h6 9. Nc3 Nf6 10. Be3 b5 11. Rfe1 g5 12. Ne2 Nd7 13. Ng3 Qf6 14. Nf5 O-O-O 15. c3 h5 16. g4 hxg4 17. Qxg4 Qg6 18. Kh2 Qh5 19. Qxh5 Rxh5 20. Ng3 Rh7 21. Bxg5 f6 22. Be3 Bh6 23. Kg2 Rg8 24. Bxh6 Rxh6 25. Re3 Nf8 26. Kh2 Kd7 27. Nf5 Rh7 28. Rg3 Rgh8 29. Rg7+ Rxg7 30. Nxg7 Ne6 31. Nxe6 Kxe6 32. Rg1 Kf7 33. a4 Rd8 34. axb5 axb5 35. Rd1 Ra8 36. c4 b4 37. h4 Ra2 38. Rb1 Ra8 39. Kg3 Rg8+ 40. Kf3 Ra8 41. h5 b3 42. Ke3 Rg8 43. Ra1 Kg7 44. Rg1+ Kh7 45. Rxg8 Kxg8 46. f4 Kh7 47. fxe5 fxe5 48. Kf3 Kg7 49. Kg4 Kf6 50. Kh4 Kf7 51. Kg5 Kg7 52. Kf5 Kh6 53. Kxe5 Kxh5 54. Kf6 Kg4 55. e5 Kf3 56. e6 Ke2 57. e7 Kxd3 58. e8=Q Kxc4 59. Qxc6 Kd4 60. Qb6 Kc4 61. Ke5 Kd3 62. Qxc5 Kd2 63. Ke4 Ke2 64. Qc3 Kf2 65. Qe3+ Kf1 66. Qd2 1-0

[Event "Turkish Women-ch Arzum 2022"]
[Site "Ayvalik"]
[Date "2022.03.10"]
[Round "8.33"]
[White "Susin, Derya Defne"]
[Black "Mullakutukcu, Ela"]
[Result "1/2-1/2"]
[ECO "A43"]
[WhiteElo "1285"]
[BlackElo "1154"]
[Annotator "NA RC"]
[PlyCount "121"]
[EventDate "2022.03.04"]
[EventType "swiss"]
[EventCountry "TUR"]
[SourceTitle "playchess.com"]
[Source "ChessBase"]
[SourceQuality "1"]
[TimeControl "5400+30"]

1. d4 c5 2. d5 Nf6 3. Nc3 g6 4. e4 d6 5. Be2 Bg7 6. Nf3 O-O 7. O-O Bg4 8. Nd2 Bxe2 9. Qxe2 Nbd7 10. Nc4 a6 11. a4 Nb6 12. Nxb6 Qxb6 13. a5 Qc7 14. Bd2 e6 15. Qf3 exd5 16. exd5 Nd7 17. Bf4 Ne5 18. Bxe5 Bxe5 19. Rfe1 Rfe8 20. g3 Re7 21. Ra2 Bxc3 22. Rxe7 Qxe7 23. Qxc3 Re8 24. Ra1 Qe5 25. Qb3 Re7 26. Ra4 Qe1+ 27. Kg2 Qd1 28. Rf4 Re1 29. Qf3 Rg1+ 30. Kh3 Qxf3 31. Rxf3 Ra1 32. Rf6 Rxa5 33. Rxd6 Kf8 34. Rd7 Rb5 35. b3 Ke8 36. Rc7 Rb4 37. Rxc5 Kd7 38. Rc3 Rd4 39. Rf3 f5 40. c4 b5 41. Rc3 bxc4 42. bxc4 a5 43. Ra3 Rxc4 44. Rxa5 Kd6 45. Ra7 Rc7 46. Rxc7 Kxc7 47. Kh4 h6 48. f4 Kd6 49. g4 Kxd5 50. gxf5 gxf5 51. Kh5 Ke4 52. Kxh6 Kxf4 53. h4 Ke3 54. Kg5 f4 55. h5 f3 56. h6 f2 57. h7 f1=Q 58. h8=Q Qg2+ 59. Kh6 Qh3+ 60. Kg7 Qxh8+ 61. Kxh8 1/2-1/2

[Event "Turkish Women-ch Arzum 2022"]
[Site "Ayvalik"]
[Date "2022.03.11"]
[Round "9.2"]
[White "Isgenderova, Hayale"]
[Black "Gokbulut, Yulia"]
[Result "0-1"]
[ECO "B40"]
[WhiteElo "2202"]
[BlackElo "1902"]
[Annotator "ChessBase"]
[PlyCount "124"]
[EventDate "2022.03.04"]
[EventType "swiss"]
[EventCountry "TUR"]
[SourceTitle "playchess.com"]
[Source "ChessBase"]
[SourceQuality "1"]
[TimeControl "5400+30"]

1. e4 c5 2. Nf3 e6 3. b3 b6 4. Bb2 Bb7 5. Qe2 Nc6 6. g3 d6 7. Bg2 e5 8. O-O Nf6 9. c3 g6 10. d4 Qe7 11. d5 Nb8 12. a4 Bg7 13. a5 Ba6 14. c4 Nbd7 15. Nc3 O-O 16. Ra2 Ne8 17. axb6 axb6 18. Rfa1 Nc7 19. Bh3 Bb7 20. Ra7 Rxa7 21. Rxa7 Rb8 22. Nd2 Bh6 23. Ndb1 Nf8 24. Na3 Qd8 25. Ncb5 Ne8 26. Nc2 Bg5 27. Ne1 h5 28. Nd3 f6 29. f4 Bh6 30. fxe5 fxe5 31. Nxe5 dxe5 32. Bxe5 Bg7 33. Bxb8 Qxb8 34. e5 Nc7 35. Rxb7 Qxb7 36. e6 Nxb5 37. e7 Nd6 38. e8=Q Nxe8 39. Qxe8 Bd4+ 40. Kg2 Kg7 41. Kf3 Qf7+ 42. Qxf7+ Kxf7 43. g4 h4 44. g5 Ke7 45. Bf1 Kd6 46. Kg4 Bf2 47. Bd3 Ke5 48. Bb1 Bg1 49. Kxh4 Kf4 50. Bxg6 Nxg6+ 51. Kh5 Kf5 52. h4 Bh2 53. Kh6 Nxh4 54. Kg7 Kxg5 55. Kf7 Kf5 56. Ke7 Ng6+ 57. Kd7 Ne5+ 58. Ke7 Ke4 59. Kd8 Kd4 60. d6 Nf7+ 61. Kc7 Nxd6 62. Kxb6 Nxc4+ 0-1

[Event "Turkish Women-ch Arzum 2022"]
[Site "Ayvalik"]
[Date "2022.03.11"]
[Round "9.3"]
[White "Aydin, Gulenay"]
[Black "Akat, Elifnaz"]
[Result "1/2-1/2"]
[ECO "E01"]
[WhiteElo "2069"]
[BlackElo "1673"]
[Annotator "ChessBase"]
[PlyCount "70"]
[EventDate "2022.03.04"]
[EventType "swiss"]
[EventCountry "TUR"]
[SourceTitle "playchess.com"]
[Source "ChessBase"]
[SourceQuality "1"]
[TimeControl "5400+30"]

1. Nf3 Nf6 2. g3 d5 3. Bg2 c6 4. O-O e6 5. d4 Bd6 6. c4 dxc4 7. a4 O-O 8. Qc2 a6 9. Qxc4 b5 10. Qc2 Bb7 11. e4 Be7 12. Be3 Nbd7 13. Nc3 Rc8 14. e5 Nd5 15. Nxd5 cxd5 16. Qd3 Bc6 17. a5 Nb8 18. Rfc1 b4 19. Qb3 Bb5 20. Rxc8 Qxc8 21. Bf1 Bxf1 22. Kxf1 Nc6 23. Qa4 Qd7 24. Rc1 Rc8 25. Ne1 Qb7 26. Nd3 Na7 27. Rxc8+ Qxc8 28. Kg2 Nc6 29. h4 h6 30. h5 Qc7 31. Bd2 Qb7 32. Be1 Kh7 33. Bd2 Kg8 34. Be1 Kh7 35. Bd2 Kg8 1/2-1/2

[Event "Turkish Women-ch Arzum 2022"]
[Site "Ayvalik"]
[Date "2022.03.11"]
[Round "9.4"]
[White "Ince, Safiye Oyku"]
[Black "Caglar, Sila"]
[Result "1/2-1/2"]
[ECO "B47"]
[WhiteElo "1893"]
[BlackElo "2200"]
[Annotator "ChessBase"]
[PlyCount "123"]
[EventDate "2022.03.04"]
[EventType "swiss"]
[EventCountry "TUR"]
[SourceTitle "playchess.com"]
[Source "ChessBase"]
[SourceQuality "1"]
[TimeControl "5400+30"]

1. e4 c5 2. Nf3 Nc6 3. d4 cxd4 4. Nxd4 e6 5. Nc3 Qc7 6. Be3 Nf6 7. Ndb5 Qb8 8. g4 h5 9. g5 Ng4 10. Be2 Nxe3 11. fxe3 a6 12. Nd4 Be7 13. Nf3 Qa7 14. Qd3 Bc5 15. O-O-O Nb4 16. Qc4 b5 17. Qb3 Nc6 18. a3 Na5 19. Qa2 Bxe3+ 20. Kb1 Qc7 21. Rhe1 Bf4 22. h4 Bb7 23. Bd3 O-O-O 24. Ne2 Bd6 25. b4 Nc6 26. c4 bxc4 27. Qxc4 Ne5 28. Nxe5 Bxe5 29. Qb3 Kb8 30. Rc1 Qb6 31. Nc3 Rc8 32. Na4 Qd4 33. Nc5 d6 34. Nd7+ Ka7 35. Nxe5 Qxe5 36. Qb2 Qxb2+ 37. Kxb2 g6 38. Rf1 Rxc1 39. Kxc1 Rc8+ 40. Kd2 Rc7 41. a4 Kb6 42. a5+ Ka7 43. Rc1 Rd7 44. Ke3 d5 45. exd5 Bxd5 46. Rc8 Kb7 47. Re8 Bc6 48. Rf8 Re7 49. Be4 e5 50. Bxc6+ Kxc6 51. Rb8 Kd5 52. Rb6 Rc7 53. Rxa6 Rc3+ 54. Kd2 Rh3 55. b5 Rxh4 56. b6 Kc6 57. Ra7 Rd4+ 58. Ke3 Rb4 59. Rxf7 h4 60. Rf6+ Kb5 61. Rxg6 Kxa5 62. Re6 1/2-1/2

[Event "Turkish Women-ch Arzum 2022"]
[Site "Ayvalik"]
[Date "2022.03.11"]
[Round "9.6"]
[White "Acarbay, Algi"]
[Black "Acar, Ilayda"]
[Result "1/2-1/2"]
[ECO "D02"]
[WhiteElo "1992"]
[BlackElo "1460"]
[Annotator "ChessBase"]
[PlyCount "62"]
[EventDate "2022.03.04"]
[EventType "swiss"]
[EventCountry "TUR"]
[SourceTitle "playchess.com"]
[Source "ChessBase"]
[SourceQuality "1"]
[TimeControl "5400+30"]

1. d4 Nf6 2. Bf4 e6 3. e3 d5 4. Nf3 c5 5. c3 Nc6 6. Nbd2 Bd6 7. Bg3 Ne4 8. Nxe4 dxe4 9. Nd2 f5 10. Nc4 Bxg3 11. hxg3 cxd4 12. cxd4 Qe7 13. Qb3 Qb4+ 14. Qxb4 Nxb4 15. Kd2 O-O 16. Ne5 a6 17. a3 Nd5 18. Bc4 Nf6 19. Rac1 Re8 20. Bb3 b5 21. Rc7 Nd5 22. Bxd5 exd5 23. Rhc1 Be6 24. R1c6 b4 25. axb4 Rab8 26. Rxa6 Rxb4 27. Raa7 Rxb2+ 28. Kc3 Reb8 29. Ra8 R2b3+ 30. Kc2 Rb2+ 31. Kc1 Rb1+ 1/2-1/2

[Event "Turkish Women-ch Arzum 2022"]
[Site "Ayvalik"]
[Date "2022.03.11"]
[Round "9.7"]
[White "Kayis, Gulcan Sena"]
[Black "Hereklioglu, Sude"]
[Result "0-1"]
[ECO "B06"]
[WhiteElo "1597"]
[BlackElo "1924"]
[Annotator "ChessBase"]
[PlyCount "128"]
[EventDate "2022.03.04"]
[EventType "swiss"]
[EventCountry "TUR"]
[SourceTitle "playchess.com"]
[Source "ChessBase"]
[SourceQuality "1"]
[TimeControl "5400+30"]

1. e4 g6 2. d4 Bg7 3. Nf3 d6 4. h3 c6 5. Bd3 Nd7 6. O-O e5 7. dxe5 dxe5 8. Qe2 Ngf6 9. a4 a5 10. b3 O-O 11. Rd1 Nh5 12. g3 Qb6 13. Kh2 h6 14. Nbd2 Rd8 15. Nc4 Qc7 16. Ba3 Bf8 17. Bxf8 Kxf8 18. Qd2 Kg7 19. Be2 Re8 20. Nd6 Re7 21. Nh4 Ndf6 22. Nf3 Ne8 23. Nc4 Nhf6 24. Qe3 Nd7 25. Ne1 b6 26. Bg4 Nef6 27. Bxd7 Nxd7 28. Rd2 b5 29. Nd6 Ba6 30. Qc3 b4 31. Qe3 Qb6 32. Ng2 Qxe3 33. Nxe3 Nb6 34. Rad1 Rc7 35. h4 c5 36. Nd5 Nxd5 37. Rxd5 f6 38. R1d2 Kf8 39. h5 gxh5 40. f3 Bc8 41. Nb5 Rc6 42. Rd8+ Kg7 43. R2d7+ Bxd7 44. Rxa8 Be6 45. Ra7+ Kg6 46. Rc7 Rxc7 47. Nxc7 Bf7 48. Na6 c4 49. Nc5 c3 50. Kg2 Kg5 51. Nd3 h4 52. gxh4+ Kxh4 53. Kf2 h5 54. Ne1 Kg5 55. Kg3 h4+ 56. Kf2 f5 57. exf5 Kxf5 58. Ng2 Kg5 59. Ne3 Be6 60. Ke2 h3 61. Nf1 Kf4 62. Nh2 Kg3 63. Nf1+ Kg2 64. Ne3+ Kg1 0-1

[Event "Turkish Women-ch Arzum 2022"]
[Site "Ayvalik"]
[Date "2022.03.11"]
[Round "9.8"]
[White "Karatiken, Beray"]
[Black "Can, Isil"]
[Result "0-1"]
[ECO "C54"]
[WhiteElo "1380"]
[BlackElo "1875"]
[Annotator "NA"]
[PlyCount "121"]
[EventDate "2022.03.04"]
[EventType "swiss"]
[EventCountry "TUR"]
[SourceTitle "playchess.com"]
[Source "ChessBase"]
[SourceQuality "1"]
[TimeControl "5400+30"]

1. e4 e5 2. Nf3 Nc6 3. Bc4 Bc5 4. c3 Nf6 5. d3 d6 6. h3 h6 7. Nbd2 Bb6 8. Bb3 Ne7 9. O-O O-O 10. d4 Ng6 11. Bc2 Be6 12. Re1 c5 13. d5 Bd7 14. Nc4 Bc7 15. b4 (15. a4 $14) 15... b5 16. Ne3 c4 ({Black should try} 16... cxb4 $15 17. cxb4 Bb6) 17. g4 (17. Bd2 $11 {keeps the balance.}) 17... Nf4 18. Kh2 g5 ({Black should try} 18... Bb6 $17 19. a4 a5) 19. Nf5 (19. a4 $11) 19... Bxf5 20. gxf5 N6h5 ({Black should play} 20... a5 $15 21. Bxf4 gxf4) 21. Rg1 Kh7 (21... a5 $15 {might be stronger.}) 22. Ne1 (22. a4 $1 $11) 22... Rg8 23. Ng2 Bb6 24. Be3 (24. Nxf4 $15 Nxf4 25. Qf3) 24... g4 25. hxg4 $2 (25. Nxf4 $17 {was the only chance.} exf4 26. Bxb6 (26. Rxg4 $2 fxe3 27. Rxg8 Qxg8 $19) 26... Qxb6 27. Qd2) 25... Nxg2 ({Inferior is} 25... Bxe3 26. fxe3 Nxg2 27. Kxg2 $17) 26. Rxg2 $2 (26. Kxg2 Qh4 27. Kf3) 26... Qh4+ 27. Kg1 Bxe3 (27... Nf6 $142 28. Rh2 (28. Bxb6 $2 Rxg4 29. Bxa7 Qh3 $19) 28... Qxg4+ 29. Qxg4 Nxg4 30. Bxb6 Nxh2+ 31. Kxh2 axb6) 28. fxe3 Nf6 (28... a5 $17) 29. Qe1 Qxe1+ ({Not} 29... Rxg4 30. Qxh4 Rxh4 31. a4 $11) 30. Rxe1 Rxg4 31. Rxg4 Nxg4 32. Kg2 $2 (32. a4 $17 {keeps fighting.}) 32... a5 33. Kf3 Nf6 34. Bb1 axb4 35. cxb4 Ra4 36. Ke2 Rxb4 37. Kd2 Ra4 38. Rc1 Nd7 39. Rc2 $19 Nc5 40. Rc1 Kg7 41. Rg1+ Kf6 42. Rh1 Kg7 43. Rg1+ Kh7 44. f6 h5 45. Rg7+ Kh6 46. Rxf7 Kg6 47. Rf8 b4 48. Rd8 Ra6 49. Rb8 b3 50. axb3 cxb3 51. Kc3 Kxf6 52. Bd3 Ra1 53. Kb2 Re1 54. Bb5 Rxe3 55. Rf8+ Kg5 56. Rg8+ Kf4 57. Rg6 Nxe4 58. Bc4 Rg3 59. Rh6 Kg5 60. Re6 Rg2+ 61. Kb1 0-1

[Event "Turkish Women-ch Arzum 2022"]
[Site "Ayvalik"]
[Date "2022.03.11"]
[Round "9.9"]
[White "Catal, Uktenur"]
[Black "Keskinler, Ela"]
[Result "1-0"]
[ECO "D95"]
[WhiteElo "1832"]
[BlackElo "1400"]
[Annotator "NA"]
[PlyCount "141"]
[EventDate "2022.03.04"]
[EventType "swiss"]
[EventCountry "TUR"]
[SourceTitle "playchess.com"]
[Source "ChessBase"]
[SourceQuality "1"]
[TimeControl "5400+30"]

1. Nf3 d5 2. d4 Nf6 3. c4 c6 4. Nc3 g6 5. Qb3 Bg7 6. e3 O-O 7. Be2 b6 8. O-O Bf5 9. h3 Qd6 10. Bd2 Ne4 (10... dxc4 $11 11. Bxc4 (11. Qxc4 b5 $11) 11... b5 12. Bxf7+ Rxf7) 11. cxd5 Nxc3 12. Bxc3 cxd5 13. Bb4 Qd7 14. Rac1 Be4 (14... a5 $142) 15. Nd2 ({Better is} 15. Ba3 $18) 15... a6 (15... Bf5 $16) 16. Nxe4 dxe4 17. Qc2 Qb7 18. f3 Bh6 19. Bd2 f5 20. fxe4 fxe4 21. Rxf8+ Bxf8 22. Qc8 Ra7 23. Qe6+ Kg7 24. Bc4 (24. Rf1 $142 Kh6 25. Qf7 e5 26. Qxf8+ Qg7 27. Qxb8 Qe7 28. dxe5 Rd7 29. Bc3) 24... Nd7 25. Qf7+ (25. Rf1 $142 Qb8 26. Rf7+ Kh8 27. h4 Nf6 28. Rxf6 Bg7 29. Rf7 b5 30. Bd5) 25... Kh6 26. Be6 $18 (26. Bd5 $142) 26... Qb8 27. d5 Bg7 28. Qxe7 Bxb2 29. Qh4+ Kg7 30. Rc2 Bf6 31. Qxe4 Nc5 32. Qb4 Qd6 33. Bc3 Bxc3 34. Qxc3+ Kh6 35. Qb4 Qg3 36. Qf4+ Qxf4 37. exf4 Nxe6 38. dxe6 Kg7 39. Rc6 b5 40. Kf2 Kf6 41. Kf3 b4 42. Ke4 a5 43. g4 Rb7 44. Ra6 Rb5 45. Kd4 b3 46. axb3 Rxb3 47. Kd5 Rxh3 48. g5+ Kf5 49. Rxa5 Kxf4 50. Kd6 Re3 51. e7 Rd3+ 52. Ke6 Re3+ 53. Kf7 Kg4 54. e8=Q Rxe8 55. Kxe8 Kh5 56. Kf7 h6 57. gxh6+ Kxh6 58. Kf6 Kh7 59. Ra1 Kg8 60. Rh1 g5 61. Rg1 Kf8 62. Rxg5 Ke8 63. Rg7 Kd8 64. Re7 Kc8 65. Ke6 Kd8 66. Kd6 Kc8 67. Rd7 Kb8 68. Rc7 Ka8 69. Kc6 Kb8 70. Kb6 Ka8 71. Rc8# 1-0

[Event "Turkish Women-ch Arzum 2022"]
[Site "Ayvalik"]
[Date "2022.03.11"]
[Round "9.10"]
[White "Gulceken, Sumeyye"]
[Black "Karatiken, Seray"]
[Result "1/2-1/2"]
[ECO "E91"]
[WhiteElo "1591"]
[BlackElo "1717"]
[Annotator "NA"]
[PlyCount "80"]
[EventDate "2022.03.04"]
[EventType "swiss"]
[EventCountry "TUR"]
[SourceTitle "playchess.com"]
[Source "ChessBase"]
[SourceQuality "1"]
[TimeControl "5400+30"]

1. d4 Nf6 2. c4 g6 3. Nc3 Bg7 4. e4 d6 5. Nf3 O-O 6. Be2 c5 7. d5 Ne8 8. O-O Na6 9. h3 f5 10. exf5 Bxf5 11. Nh4 Bc8 12. Bg4 e5 13. Bxc8 Rxc8 14. Nf3 Nac7 15. Bg5 Qd7 16. a4 Nf6 17. Be3 Nh5 18. Nb5 Nxb5 19. axb5 b6 20. Ng5 Bf6 21. Ne6 Rf7 22. Ra6 Ng7 23. Qg4 Re8 24. Rfa1 Nxe6 25. dxe6 Qxe6 26. Qxe6 Rxe6 27. Rxa7 e4 28. Rxf7 Kxf7 29. Ra6 Bd8 30. Kf1 h5 31. Ke2 Ke8 32. Ra7 d5 33. cxd5 Rd6 34. Ra4 Rxd5 35. Rxe4+ Kf7 36. b4 Be7 37. bxc5 Bxc5 38. Bxc5 Rxc5 39. Rb4 Ke6 40. Kd3 Kd6 1/2-1/2

[Event "Turkish Women-ch Arzum 2022"]
[Site "Ayvalik"]
[Date "2022.03.11"]
[Round "9.11"]
[White "Kipik, Feyza"]
[Black "Aydogan, Arya"]
[Result "1-0"]
[ECO "C54"]
[WhiteElo "1603"]
[BlackElo "1328"]
[Annotator "NA"]
[PlyCount "145"]
[EventDate "2022.03.04"]
[EventType "swiss"]
[EventCountry "TUR"]
[SourceTitle "playchess.com"]
[Source "ChessBase"]
[SourceQuality "1"]
[TimeControl "5400+30"]

1. e4 e5 2. Nf3 Nc6 3. d4 exd4 4. Bc4 Bc5 5. c3 Nf6 6. e5 d5 7. Bb5 Ne4 8. cxd4 Bb6 9. Nc3 O-O 10. Be3 Bg4 11. h3 Bh5 12. Qc2 Bg6 13. Qb3 Ne7 14. Nh4 c6 15. Nxg6 hxg6 16. Bd3 Nf5 17. Bxe4 dxe4 18. O-O-O Nxd4 19. Qc4 c5 20. Nxe4 Rc8 21. Kb1 Qe7 22. f4 a6 23. h4 Ba7 24. h5 b5 25. Qf1 Qe6 26. Bxd4 cxd4 27. Nd6 Rcd8 28. hxg6 fxg6 29. Ka1 Bb8 30. Rxd4 Bxd6 31. Rxd6 Rxd6 32. exd6 Qxd6 33. g3 Rd8 34. a3 Qe6 35. Qf2 Qg4 36. Qe1 Qf5 37. Qe7 Qf6 38. Qe3 Qc6 39. Rc1 Qd6 40. Qb3+ Kf8 41. Rh1 Qd5 42. Rh8+ Kf7 43. Qxd5+ Rxd5 44. Ra8 Rd6 45. Ka2 Kf6 46. Ra7 Re6 47. Kb1 Kf5 48. Rxg7 Kg4 49. Kc2 Rf6 50. Kb3 Kxg3 51. f5 Rxf5 52. Rxg6+ Kf3 53. Rxa6 Ke3 54. Rd6 Ke4 55. Kb4 Rf2 56. b3 Rb2 57. Rb6 Kd4 58. Rxb5 Kd3 59. Rc5 Kd4 60. Rc4+ Kd5 61. a4 Ra2 62. a5 Ra1 63. Kb5 Rb1 64. b4 Ra1 65. Rc5+ Kd6 66. a6 Ra2 67. Kb6 Rb2 68. b5 Ra2 69. Rc6+ Kd7 70. Kb7 Rb2 71. b6 Ra2 72. a7 Ra3 73. Rc7+ 1-0

[Event "Turkish Women-ch Arzum 2022"]
[Site "Ayvalik"]
[Date "2022.03.11"]
[Round "9.12"]
[White "Demirtas, Hafize"]
[Black "Buyuk, Ecrin Efsa"]
[Result "1-0"]
[ECO "B11"]
[WhiteElo "1779"]
[BlackElo "1565"]
[Annotator "NA"]
[PlyCount "102"]
[EventDate "2022.03.04"]
[EventType "swiss"]
[EventCountry "TUR"]
[SourceTitle "playchess.com"]
[Source "ChessBase"]
[SourceQuality "1"]
[TimeControl "5400+30"]

1. e4 c6 2. Nc3 d5 3. Nf3 Nf6 4. e5 Ne4 5. Ne2 Qb6 6. d4 e6 7. Nfg1 f6 8. f3 Ng5 9. exf6 gxf6 10. f4 Ne4 11. Ng3 Bd7 12. c3 c5 13. Nxe4 dxe4 14. d5 exd5 15. Qh5+ Kd8 16. Qxd5 Nc6 17. Be3 Kc7 18. Rd1 Rd8 19. Rd2 Bg4 20. Qf7+ Be7 21. b4 Rxd2 22. Kxd2 Rd8+ 23. Ke1 Rd7 24. Kf2 a5 25. a3 axb4 26. axb4 Qa7 27. h3 Bf5 28. g4 Bg6 29. Qb3 f5 30. Bc4 Qa1 31. bxc5 Rd1 32. Be2 Rb1 33. Qc4 Bh4+ 34. Kg2 Qb2 35. Rh2 Be1 36. gxf5 Bh5 37. Kh1 Bxe2 38. Rxe2 Qxc3 39. Qxe4 Rd1 40. f6 Qxf6 41. Qxh7+ Rd7 42. Qh5 Bb4 43. Qg5 Qc3 44. Qf5 Rd3 45. Qh7+ Kb8 46. Qe4 Rd1 47. Kg2 Bxc5 48. Nf3 Qc1 49. f5 Qc3 50. Qf4+ Kc8 51. f6 Qd3 1-0

[Event "Turkish Women-ch Arzum 2022"]
[Site "Ayvalik"]
[Date "2022.03.11"]
[Round "9.13"]
[White "Sezer, Ipek"]
[Black "Kalayci, Nino"]
[Result "1/2-1/2"]
[ECO "D35"]
[WhiteElo "1329"]
[BlackElo "1775"]
[Annotator "NA"]
[PlyCount "70"]
[EventDate "2022.03.04"]
[EventType "swiss"]
[EventCountry "TUR"]
[SourceTitle "playchess.com"]
[Source "ChessBase"]
[SourceQuality "1"]
[TimeControl "5400+30"]

1. d4 d5 2. c4 e6 3. Nc3 Nf6 4. cxd5 exd5 5. Bg5 Nbd7 6. e3 c6 7. Bd3 Be7 8. Nge2 O-O 9. O-O Ne4 10. Bxe7 Qxe7 11. Qc2 f5 12. Nf4 Ndf6 13. Rae1 g5 14. Nh3 Qg7 15. f3 Nd6 16. Kh1 Bd7 17. Nf2 Rae8 18. e4 fxe4 19. fxe4 Nfxe4 20. Nfxe4 dxe4 21. Nxe4 Nxe4 22. Bxe4 Kh8 23. Qc5 h6 24. Rxf8+ Qxf8 25. Qxf8+ Rxf8 26. Kg1 Re8 27. Kf2 Rf8+ 28. Kg1 Rf4 29. g3 Rf8 30. d5 Re8 31. Kf2 Rf8+ 32. Kg1 Re8 33. Kf2 Rf8+ 34. Kg1 Re8 35. Kf2 Rf8+ 1/2-1/2

[Event "Turkish Women-ch Arzum 2022"]
[Site "Ayvalik"]
[Date "2022.03.11"]
[Round "9.14"]
[White "Tanir, Simay"]
[Black "Incecik, Seyma Zeynep"]
[Result "1/2-1/2"]
[ECO "E40"]
[WhiteElo "1510"]
[BlackElo "1777"]
[Annotator "NA"]
[PlyCount "163"]
[EventDate "2022.03.04"]
[EventType "swiss"]
[EventCountry "TUR"]
[SourceTitle "playchess.com"]
[Source "ChessBase"]
[SourceQuality "1"]
[TimeControl "5400+30"]

1. d4 Nf6 2. c4 e6 3. Nc3 Bb4 4. e3 c6 5. Bd3 d5 6. cxd5 exd5 7. Qc2 Bg4 8. Bd2 Bh5 9. Nf3 Bg6 10. O-O Bxd3 11. Qxd3 O-O 12. Ne5 Nfd7 13. f4 Bxc3 14. Bxc3 Nf6 15. Be1 Ne4 16. f5 f6 17. Nf3 Nd7 18. Rd1 Nb6 19. Ba5 Qd7 20. Bxb6 axb6 21. Nd2 Rfe8 22. Qb3 b5 23. Rf4 Nxd2 24. Rxd2 Kh8 25. a3 Re7 26. Qd3 Rae8 27. Re2 Qd6 28. g3 Re4 29. b4 Qd7 30. Kf2 Kg8 31. Kg2 Kf7 32. Kf1 R8e7 33. Rxe4 Qxf5+ 34. Rf2 Qxe4 35. Qxe4 Rxe4 36. Ke2 Re8 37. Kf3 Ra8 38. Ra2 f5 39. Kf4 Kf6 40. h4 h6 41. h5 Re8 42. a4 bxa4 43. Rxa4 Re4+ 44. Kf3 Kg5 45. Ra7 Re7 46. b5 cxb5 47. Ra5 Kxh5 48. Rxb5 Kg5 49. Rxd5 Kf6 50. Rb5 g5 51. Rb6+ Kg7 52. g4 fxg4+ 53. Kxg4 Rxe3 54. Rxb7+ Kf6 55. d5 Re4+ 56. Kg3 Ke5 57. d6 Rd4 58. d7 Rd6 59. Kg4 Ke6 60. d8=Q Rxd8 61. Kh5 Rg8 62. Rb4 Kf6 63. Rb6+ Kf5 64. Rb5+ Ke4 65. Rb4+ Kd5 66. Rg4 Rh8 67. Ra4 Kc5 68. Rg4 Kd6 69. Ra4 Ke6 70. Ra6+ Kf5 71. Ra5+ Ke4 72. Ra4+ Kd3 73. Ra3+ Kc4 74. Ra4+ Kd3 75. Ra3+ Kc2 76. Ra4 Rg8 77. Rg4 Rh8 78. Ra4 Rf8 79. Kxh6 Rf4 80. Ra2+ Kb3 81. Rg2 Rf8 82. Rxg5 1/2-1/2

[Event "Turkish Women-ch Arzum 2022"]
[Site "Ayvalik"]
[Date "2022.03.11"]
[Round "9.15"]
[White "Baloglu, Dila"]
[Black "Kucuk, Aybike"]
[Result "1-0"]
[ECO "B43"]
[WhiteElo "1630"]
[BlackElo "1439"]
[Annotator "NA"]
[PlyCount "77"]
[EventDate "2022.03.04"]
[EventType "swiss"]
[EventCountry "TUR"]
[SourceTitle "playchess.com"]
[Source "ChessBase"]
[SourceQuality "1"]
[TimeControl "5400+30"]

1. e4 c5 2. Nf3 e6 3. d4 cxd4 4. Nxd4 a6 5. Nc3 b5 6. Bd3 Bb7 7. O-O Nc6 8. Nxc6 Bxc6 9. Re1 Qb8 10. a4 b4 11. Nd5 Bd6 12. h3 Ne7 13. Nxe7 Bxe7 14. e5 Qb7 15. Qg4 h5 16. Qg3 O-O-O 17. c3 b3 18. Bg5 f6 19. Be3 g5 20. exf6 Bxf6 21. a5 d6 22. Bb6 Kd7 23. Bxd8 Rxd8 24. Qe3 e5 25. Be4 Bxe4 26. Qxe4 Qxe4 27. Rxe4 Rb8 28. Raa4 Bd8 29. Reb4 Rxb4 30. Rxb4 Kc6 31. Rxb3 Bxa5 32. Rb8 d5 33. Rg8 d4 34. cxd4 exd4 35. Rxg5 Bd8 36. Rxh5 a5 37. Kf1 a4 38. Ke2 Be7 39. Kd3 1-0